 Dungeon Crawl Stone Soup version 0.19.4-9-g45fd643 (console) character file.

12514 lanroth the Thrower (level 12, -10/91 HPs)
             Began as a Human Gladiator on Feb 16, 2017.
             Was an Initiate of Gozag.
             Killed from afar by a frost giant (52 damage)
             ... with a bolt of cold
             ... on level 10 of the Dungeon.
             The game lasted 01:57:20 (12679 turns).

lanroth the Thrower (Human Gladiator)              Turns: 12679, Time: 01:57:26

Health: -10/91     AC: 12    Str: 19    XL:     12   Next: 21%
Magic:  13/13      EV: 14    Int: 11    God:    Gozag
Gold:   940        SH:  9    Dex: 23    Spells: 1 memorised, 11 levels left

rFire  . . .     SeeInvis .     h - +2 scimitar (flame)
rCold  . . .     Gourm    .     s - +1 leather armour "Qutut" {Int+2 Dex+6}
rNeg   . . .     Faith    .     T - +0 shield
rPois  .         Spirit   .     d - +2 helmet
rElec  .         Reflect  .     c - +2 cloak
rCorr  .         Harm     .     (no gloves)
MR     .....                    i - +0 pair of boots
Stlth  ++++......               u - amulet of rage
                                k - +2 ring of dexterity
                                p - ring of stealth

@: no status effects
A: fangs 1
a: Potion Petition, Call Merchant, Bribe Branch, Renounce Religion, Evoke
Berserk Rage


You were on level 10 of the Dungeon.
You worshipped Gozag.
Gozag was pleased with you.
You were not hungry.

You visited 2 branches of the dungeon, and saw 12 of its levels.

You collected 2342 gold pieces.
You spent 288 gold pieces at shops.
You paid 1114 gold pieces to Gozag.

Inventory:

Hand Weapons
 a - a +4 flail of freezing
 h - a +2 scimitar of flaming (weapon)
 y - the +6 rapier of the Asp {freeze, +Inv rC+ Str+4}
   (You found it on level 7 of the Dungeon)

   It has been specially enchanted to freeze those struck by it, causing extra
   injury to most foes and up to half again as much damage against particularly
   susceptible opponents.
   It can also slow down cold-blooded creatures.
   It affects your strength (+4).
   It protects you from cold.
   It lets you turn invisible.
 D - a +3 quarterstaff of chaos
 X - a +2 dire flail of crushing
Missiles
 m - 85 sling bullets
 z - 63 stones
 W - 4 tomahawks (quivered)
Armour
 c - a +2 cloak (worn)
 d - a +2 helmet (worn)
 i - a +0 pair of boots (worn)
 s - the +1 leather armour "Qutut" (worn) {Int+2 Dex+6}
   (You found it on level 1 of the Lair of Beasts)

   It affects your intelligence (+2).
   It affects your dexterity (+6).
 t - a +2 hat
 x - a +0 plate armour
 T - a +0 shield (worn)
Magical Staves
 v - an uncursed staff of conjuration
 M - an uncursed staff of power
 P - an uncursed staff of energy {unknown}
Jewellery
 b - an uncursed ring of poison resistance
 k - a +2 ring of dexterity (right hand)
 p - a ring of stealth (left hand)
 u - an amulet of rage (around neck)
 C - an uncursed ring of see invisible
 V - an uncursed ring of flight
Wands
 E - a wand of lightning (5/15)
 L - a wand of lightning (1/15)
 O - a wand of acid (4/15)
 S - a wand of paralysis (16/24)
 Z - a wand of random effects (20/48)
Scrolls
 g - 2 scrolls of remove curse
 j - 2 scrolls of immolation
 l - 4 scrolls of teleportation
 o - 2 scrolls of identify
 r - a scroll of blinking
 H - a scroll of fog
 K - 3 scrolls of recharging
Potions
 n - a potion of berserk rage
 q - 2 potions of magic
 w - a potion of haste
 B - 2 potions of agility
 F - 2 potions of flight
 G - a potion of cure mutation
 I - 2 potions of curing
 Q - a potion of lignification
 Y - 2 potions of heal wounds
Books
 e - a book of Battle

   Spells                             Type                      Level
   a - Infusion                       Charms                       1
   b - Shroud of Golubria             Charms/Translocation         2
   c - Song of Slaying                Charms                       2
   d - Spectral Weapon                Hexes/Charms                 3
   e - Regeneration                   Charms/Necromancy            3
 A - a book of Debilitation

   Spells                             Type                      Level
   a - Corona                         Hexes                        1
   b - Slow                           Hexes                        2
   c - Gell's Gravitas                Hexes/Translocation          3
   d - Inner Flame                    Hexes/Fire                   3
   e - Cause Fear                     Hexes                        4
   f - Leda's Liquefaction            Hexes/Earth                  4
 N - a book of Changes

   Spells                             Type                      Level
   a - Beastly Appendage              Transmutation                1
   b - Sticks to Snakes               Transmutation                2
   c - Spider Form                    Transmutation/Poison         3
   d - Ice Form                       Ice/Transmutation            4
   e - Blade Hands                    Transmutation                5
 R - a book of Minor Magic

   Spells                             Type                      Level
   a - Magic Dart                     Conjuration                  1
   b - Blink                          Translocation                2
   c - Call Imp                       Summoning                    2
   d - Repel Missiles                 Charms/Air                   2
   e - Slow                           Hexes                        2
   f - Conjure Flame                  Conjuration/Fire             3
   g - Mephitic Cloud                 Conjuration/Poison/Air       3
Comestibles
 f - 8 bread rations
 J - 5 fruits


   Skills:
 + Level 7.5 Fighting
 + Level 7.7 Short Blades
 + Level 0.4(4.8) Long Blades
   Level 3.8(6.3) Axes
 + Level 8.0(8.7) Maces & Flails
 + Level 3.4(6.1) Staves
 + Level 8.5 Throwing
 + Level 6.6 Armour
 + Level 5.6 Dodging
 + Level 4.1 Stealth
 + Level 1.3 Shields
 + Level 0.6 Spellcasting
 + Level 0.4 Charms


You had 11 spell levels left.
You knew the following spells:

 Your Spells              Type           Power        Failure   Level  Hunger
a - Infusion              Chrm           #...         99%         1    ##.....


Dungeon Overview and Level Annotations

Branches:
Dungeon (10/15)            Temple (0/1) D:4            Lair (2/6) D:8
  Swamp: Lair:2-4    Shoals: Lair:2-4     Snake: Lair:2-4    Spider: Lair:2-4
    Orc: D:9-12

Altars:
Dithmenos
Elyvilon
Fedhas
Gozag
Makhleb
Okawaru
Qazlal
Sif Muna
Trog
Uskayaw
Vehumet
Yredelemnul
The Shining One

Shops:
D:10 !


Innate Abilities, Weirdness & Mutations

You have very sharp teeth.


Message History

Ouch! That really hurt!
* * * LOW HITPOINT WARNING * * *
Evoke which item? (* to show all) (? for menu, Esc to quit)
Okay, then.
Casting: Infusion
Confirm with . or Enter, or press ? or * to list all spells.
Okay, then.
Casting: Infusion
Confirm with . or Enter, or press ? or * to list all spells.
Okay, then. [a] - 242 gold - curing and magic [b] - 208 gold - heal wounds and curing [c] - 168 gold - might and agility Purchase which effect?
You feel much better.
You feel better. The frost giant casts a spell at you.
The bolt of cold hits you!
Ouch! That really hurt!
You die...
Your body crumbles into a pile of gold.

### ######.# ######## ####### #......# #......#
#.....# #..###.# ##......## #.....#
####..###.####........# #########
#.....#####...>.................# #.......#
#.....#......#..##..............# #.......#
#...............##..#..)........# #.......#
#...................#..#).<.....# #.......#
#...................#..#........# #.......#####
#..............................### #...........#
#.....#.#.......##...............#######...........#
#.....#.#................................>.........#
#.....#)......####...##.##.........................#
#######.......####...##.##.................##......#
#......>...#...#####.................##......#
#####'######.....<...................##......########
#.##.......##.##..####...........##......'.......
#.##......##......# #...................##..####
#........#........## ###.#####......###......#
#####..#...#####....#..# #.# ###......# #......#
#..........# #..).##'#####.###.#......###..)..##
#.####.....# #....#............#......+....).## #.#
###.#.# #....#............#.#....###)#..#
#.######.### #..................∩)....# #)...#
#.#....#### ##................##.#....###.#..#
#.'.......### #.................+.......#...#..#
###......[..# #.................#...........#.##
########'####.................#.............#
#.($#.#............................####
##..@.###########.#..###.###....#### ##.#C.#
#....###.# #.##.# ### ###..# ######.......###+##.#
#.# ..# ##...................########.#
...####.....#......###.....'.....##.#
...#..+.....##.....# #.....#####.##.####
...#.##.....##.>..## #.....# #...##.....
...#.##.....####.## #.....# #.#....#### ######
#.##.....#.##.# #.....# #.#.##.# ########....#
####.##.....#.##.# #.....# #.#.##.##
#........##.######.##.##.....#....# #.....# #.#.....#
#........##.##...#.##.##.........## ##.##.###.####..#
#........##.##.....##............# #..............#
######.............#...(.........# #....#.###.###.###
###.##.##...#..)............# ##.....###.# #....
###.##.##........#..........# ####.#.#..##.###.##.
#.............#......#......#####....#.#<.##........
###.....#.#####......#......##...............##.#.#.
#.....#.#.# ##.#####......##....##.#.#........#.#.
###.#.#.#.######.# ##..............#............#.
#..............# #.###.......#..#.#.....######.
####.##.######## #.# #.#####....###.##### #. #.##.#
#.# #.#######..###.#### ## #....# #.#
#.........<.......# ###### ### ##########.########
###


You could see a frost giant.

Vanquished Creatures
  Gastronok (Lair:1)
  Erica (D:7)
  2 hill giants (D:10)
  An orc knight (D:10)
  A deep elf mage (D:10)
  An ugly thing (D:10)
  2 komodo dragons
  An ice devil (Lair:1)
  A troll (D:10)
  A hornet (D:10)
  2 hippogriffs
  Sigmund (D:2)
  A human (D:7)
  2 hogs (D:7)
  2 yaks (D:7)
  2 hungry ghosts (D:8)
  A basilisk (Lair:1)
  2 water moccasins
  2 porcupines (Lair:1)
  5 orc warriors
  4 sky beasts
  3 ice beasts
  A black bear (D:7)
  An ogre (D:8)
  3 phantoms
  5 centaurs
  2 crocodiles
  A big kobold (D:7)
  6 bullfrogs
  A gnoll sergeant (D:6)
  A water moccasin zombie (D:5)
  2 scorpions
  A water moccasin skeleton (D:8)
  6 killer bees (D:9)
  A wight (D:6)
  7 howler monkeys
  2 bullfrog zombies (D:10)
  2 crimson imps
  3 jellies
  14 orc wizards
  Crazy Yiuf (D:2)
  A centaur skeleton (D:6)
  8 orc priests
  2 hounds
  A bullfrog skeleton (D:9)
  3 iguanas
  6 worker ants
  A killer bee zombie (D:10)
  A hound zombie (D:5)
  2 hound skeletons
  8 gnolls
  12 adders
  A river rat (D:8)
  2 shadow imps
  2 oozes
  3 worms
  7 leopard geckos
  38 orcs
  8 giant cockroaches
  5 goblins
  6 hobgoblins
  11 jackals
  9 kobolds
  8 quokkas
  13 bats
  A frilled lizard (D:2)
  11 rats
269 creatures vanquished.

Vanquished Creatures (others)
  A gnoll (D:8)
  14 fungi (D:8)
  4 plants (D:8)
19 creatures vanquished.

Grand Total: 288 creatures vanquished

Notes
Turn   | Place    | Note
-------+----------+-------------------------------------------
     0 | D:1      | lanroth the Human Gladiator began the quest for the Orb.
     0 | D:1      | Reached XP level 1. HP: 16/16 MP: 1/1
   121 | D:1      | Reached XP level 2. HP: 22/22 MP: 2/2
   471 | D:1      | Reached XP level 3. HP: 28/28 MP: 3/3
  1036 | D:2      | Found an opulent altar of Gozag.
  1075 | D:2      | Became a worshipper of Gozag Ym Sagoz the Greedy
  1166 | D:2      | Reached XP level 4. HP: 33/34 MP: 4/4
  1253 | D:2      | Noticed Sigmund
  1276 | D:2      | Killed Sigmund
  1276 | D:2      | Reached skill level 1 in Short Blades
  1276 | D:2      | Reached skill level 1 in Armour
  1276 | D:2      | Reached skill level 1 in Stealth
  1276 | D:2      | Reached XP level 5. HP: 27/40 MP: 5/5
  1276 | D:2      | Reached XP level 6. HP: 31/46 MP: 6/6
  1372 | D:2      | Found a runed door.
  1604 | D:2      | Noticed Crazy Yiuf
  1612 | D:2      | Killed Crazy Yiuf
  2651 | D:4      | Reached XP level 7. HP: 52/52 MP: 7/7
  2659 | D:4      | Found a staircase to the Ecumenical Temple.
  2887 | D:4      | Found an iron altar of Okawaru.
  2942 | D:4      | Found a shadowy altar of Dithmenos.
  3416 | D:5      | Entered Level 5 of the Dungeon
  3420 | D:5      | Gained mutation: You are partially covered in thin metallic scales. (AC +2) [potion of mutation]
  3420 | D:5      | Gained mutation: You have very sharp teeth. [potion of mutation]
  3420 | D:5      | Gained mutation: You passively map a small area around you. [potion of mutation]
  3527 | D:5      | Reached skill level 1 in Staves
  3950 | D:5      | Found a glowing golden altar of the Shining One.
  4078 | D:5      | Reached XP level 8. HP: 41/58 MP: 8/8
  4116 | D:5      | Found a radiant altar of Vehumet.
  4157 | D:6      | Reached skill level 5 in Throwing
  4282 | D:6      | Reached skill level 1 in Maces & Flails
  4370 | D:6      | Found a basalt altar of Yredelemnul.
  5154 | D:6      | Reached XP level 9. HP: 50/65 MP: 9/9
  5342 | D:6      | Found a stormy altar of Qazlal.
  5342 | D:6      | Found a burning altar of Makhleb.
  5853 | D:7      | Reached skill level 5 in Maces & Flails
  6124 | D:7      | Reached XP level 10. HP: 73/73 MP: 10/10
  6180 | D:7      | Got a crude rapier
  6427 | D:7      | Found a bloodstained altar of Trog.
  6585 | D:8      | Reached skill level 5 in Fighting
  6773 | D:8      | Found a hide-covered altar of Uskayaw.
  6778 | D:8      | Noticed Erica
  7076 | D:7      | Killed Erica
  7076 | D:7      | Reached skill level 5 in Armour
  7869 | D:7      | Identified the +6 rapier of the Asp {freeze, +Inv rC+ Str+4} (You found it on level 7 of the Dungeon)
  8158 | D:8      | Found a staircase to the Lair.
  8193 | D:8      | Lost mutation: You passively map a small area around you. [potion of cure mutation]
  8193 | D:8      | Lost mutation: You are partially covered in thin metallic scales. (AC +2) [potion of cure mutation]
  8395 | Lair:1   | Entered Level 1 of the Lair of Beasts
  8417 | Lair:1   | Noticed Gastronok
  9054 | Lair:1   | Got a pitted leather armour
  9065 | Lair:1   | Identified the +1 leather armour "Qutut" {Int+2 Dex+6} (You found it on level 1 of the Lair of Beasts)
  9093 | Lair:1   | Noticed a komodo dragon
  9105 | Lair:1   | Killed a komodo dragon
  9105 | Lair:1   | Reached XP level 11. HP: 34/81 MP: 11/11
  9185 | Lair:1   | Killed Gastronok
  9185 | Lair:1   | Reached skill level 5 in Short Blades
 10175 | D:9      | Reached skill level 5 in Dodging
 10270 | D:9      | Learned a level 1 spell: Infusion
 10435 | D:9      | Found a blossoming altar of Fedhas.
 10484 | D:9      | Found a white marble altar of Elyvilon.
 10550 | D:9      | Found a faded altar of an unknown god.
 10550 | D:9      | Found a faded altar of an unknown god.
 10559 | D:9      | Found a deep blue altar of Sif Muna.
 10561 | D:9      | Found a faded altar of an unknown god.
 10568 | D:9      | Found a faded altar of an unknown god.
 10936 | D:10     | Entered Level 10 of the Dungeon
 11377 | D:10     | Noticed a hill giant
 11513 | D:10     | Found Cuaprauti's Distillery.
 11592 | D:10     | Bought a potion of haste for 160 gold pieces
 11592 | D:10     | Bought a potion of curing for 48 gold pieces
 11592 | D:10     | Bought a potion of berserk rage for 80 gold pieces
 11630 | D:10     | Killed a hill giant
 11937 | D:10     | Noticed a deep elf mage
 11967 | D:10     | Killed a deep elf mage
 11967 | D:10     | Reached XP level 12. HP: 61/91 MP: 6/12
 11991 | D:10     | Reached skill level 1 in Shields
 12671 | D:10     | Noticed a frost giant
 12679 | D:10     | Killed from afar by a frost giant

Skill      XL: |  1  2  3  4  5  6  7  8  9 10 11 12 |
---------------+-------------------------------------+-----
Short Blades   | 1 2 3 7 |  7.7
Throwing       | 3 4 5 6 7 8 |  8.5
Armour         | 1 2 3 4 6 |  6.6
Stealth        | 1 2 3 4 |  4.1
Fighting       | 3 4 6 7 |  7.5
Staves         | 2 3 |  3.4
Maces & Flails | 3 6 8 |  8.0
Dodging        | 4 5 |  5.6
Shields        | 1 |  1.3
Long Blades    | |  0.4
Axes           | |  3.8
Spellcasting   | |  0.6
Charms         | |  0.4

Action                   |  1- 3 |  4- 6 |  7- 9 | 10-12 || total
-------------------------+-------+-------+-------+-------++-------
Melee: War axe           |    14 |       |       |       ||    14
       Short sword       |    58 |    53 |       |       ||   111
       Quarterstaff      |       |    24 |    35 |       ||    59
       Flail             |       |       |   319 |   126 ||   445
       Bite              |       |       |    45 |    86 ||   131
       Staff             |       |       |    22 |       ||    22
       Rapier            |       |       |       |   334 ||   334
       Scimitar          |       |       |       |    25 ||    25
Throw: Stone             |    40 |    46 |    94 |    79 ||   259
       Tomahawk          |       |    19 |    38 |    60 ||   117
       Throwing net      |       |     1 |       |       ||     1
Invok: Potion Petition   |       |       |     1 |     3 ||     4
 Abil: Evoke Berserk Rag |       |       |       |     1 ||     1
Evoke: Wand              |       |       |       |     1 ||     1
  Use: Scroll            |     5 |     2 |     7 |     4 ||    18
       Potion            |       |       |     8 |     7 ||    15
 Stab: Sleeping          |     1 |     1 |       |     5 ||     7
       Held in net/web   |       |     1 |       |       ||     1
       Invisible         |       |       |       |     1 ||     1
       Distracted        |       |       |       |     2 ||     2
  Eat: Royal jelly       |     1 |       |       |       ||     1
       Pizza             |       |     2 |     1 |     7 ||    10
       Beef jerky        |       |     1 |     2 |     2 ||     5
       Fruit             |       |       |     4 |     7 ||    11
       Bread ration      |       |       |     1 |     2 ||     3
       Meat ration       |       |       |       |     1 ||     1
Armor: Ring mail         |    20 |    17 |       |       ||    37
       Scale mail        |       |       |    87 |       ||    87
       Chain mail        |       |       |   188 |    61 ||   249
       Plate armour      |       |       |       |    37 ||    37
       Leather armour    |       |       |       |    53 ||    53
Dodge: Dodged            |    59 |    37 |   180 |   245 ||   521
Block: Shield            |       |       |       |    26 ||    26
       Rpst.: Scimitar   |       |       |       |     6 ||     6
